 Dungeon Crawl Stone Soup version 0.31.0-11-ge490571c62 (webtiles) character file.

Game seed: 695757186191898006

256 PaiMei the Purveyor of Pain (level 5, -3/35 HPs)
             Began as a Demonspawn Necromancer on Jan 30, 2024.
             Was an Initiate of Kikubaaqudgha.
             Killed by divine providence
             ... invoked by an orc priest
              (10 damage)
             ... on level 3 of the Dungeon.
             The game lasted 00:02:55 (2515 turns).

PaiMei the Purveyor of Pain (DsNe)                  Turns: 2515, Time: 00:02:55

Health: -3/35      AC:  3    Str:  9    XL:     5   Next: 92%
Magic:  3/9        EV: 13    Int: 17    God:    Kikubaaqudgha [......]
Gold:   67         SH:  4    Dex: 13    Spells: 6/10 levels left

rFire   . . .        n - +3 dagger (elec)
rCold   . . .        (no shield)
rNeg    . . .        a - +0 robe
rPois   .            (no helmet)
rElec   .            m - +0 cloak
rCorr   .            (no gloves)
SInv    .            (no boots)
Will    .....        (no amulet)
Stlth   ++           (no ring)
HPRegen 0.25/turn    (no ring)
MPRegen 0.11/turn

%: no passive effects
@: no status effects
A: sturdy frame 2, condensation shield
a: Renounce Religion


You were on level 3 of the Dungeon.
You worshipped Kikubaaqudgha.
Kikubaaqudgha was noncommittal.
You visited 1 branch of the dungeon, and saw 3 of its levels.

You collected 67 gold pieces.

Inventory:

Hand Weapons
 c - a +0 dagger
 n - a +3 dagger of electrocution (weapon)
Missiles
 e - 5 poisoned darts (quivered)
Armour
 a - a +0 robe (worn)
 m - a +0 cloak (worn)
Wands
 p - a wand of mindburst (16)
Scrolls
 d - 2 scrolls of identify {unknown}
 i - a scroll of blinking {unknown}
 j - a scroll of revelation {unknown}
 k - a scroll of enchant weapon {unknown}
 l - 2 scrolls of teleportation {unknown}
Potions
 b - a potion of magic
 f - 2 potions of curing {unknown}
 g - a potion of brilliance {unknown}
 h - a potion of attraction {unknown}
 o - a potion of invisibility {unknown}


   Skills:
 + Level 3.2 Dodging
 + Level 3.4 Stealth
 + Level 3.3 Spellcasting
 + Level 5.4 Necromancy


You had 6 spell levels left.
You knew the following spells:

 Your Spells              Type           Power      Damage    Failure   Level
a - Necrotise             Necr           84%        1d8       1%          1
b - Vampiric Draining     Necr           21%        2d7       5%          3

Your spell library contained the following spells:

 Spells                   Type           Power      Damage    Failure   Level
 Animate Dead             Necr           21%        N/A       19%         4
 Curse of Agony           Necr           21%        N/A       45%         5


Dungeon Overview and Level Annotations

Branches:
Dungeon (3/15)

Altars:
Kikubaaqudgha


Innate Abilities, Weirdness & Mutations

Your movements are less encumbered by armour. (ER -4)
A meltable shield of frost defends you. (SH +4)


Message History

You see here a +0 giant club.
Your jackal skeleton bites the orc priest.
Your jackal skeleton bites the orc.
The orc priest mumbles some strange prayers to Beogh against you.
Pain shoots through your body!
Your jackal skeleton bites the orc.
Your jackal skeleton misses the orc.
Something hits your jackal skeleton.
The orc priest looks braver for a moment.
The orc priest miscasts a cantrip.
The orc priest looks encouraged for a moment.
There is a stone staircase leading up, spattered with blood here.
Your jackal skeleton bites the orc priest.
The orc priest hits your jackal skeleton with a +0 whip!
Your jackal skeleton is destroyed!
Casting: Necrotise (safe; 1% risk of failure)
Confirm with . or Enter, or press ? or * to list all spells.
You can't see any susceptible monsters within range! (Use Z to cast anyway.)
Casting: Necrotise (safe; 1% risk of failure)
Confirm with . or Enter, or press ? or * to list all spells.
You can't see any susceptible monsters within range! (Use Z to cast anyway.)
The orc priest mumbles some strange prayers to Beogh against you.
Beogh smites you!
Casting: Necrotise (safe; 1% risk of failure)
Confirm with . or Enter, or press ? or * to list all spells.
Aiming: Necrotise (safe; 1% risk of failure)
Press: ? - help, Shift-Dir - straight line, f/p - orc priest
Aim: an orc priest, wielding a +0 whip and wearing a +0 chain mail (heavily wounded, chance to affect: 80%)
The orc priest barely resists.
The orc priest calls down the wrath of Beogh upon you.
Beogh smites you!
* * * LOW HITPOINT WARNING * * *
Casting: Necrotise (safe; 1% risk of failure)
Confirm with . or Enter, or press ? or * to list all spells.
Aiming: Necrotise (safe; 1% risk of failure)
Press: ? - help, Shift-Dir - straight line, f/p - orc priest
Aim: an orc priest, wielding a +0 whip and wearing a +0 chain mail (heavily wounded, chance to affect: 80%)
The orc priest barely resists.
The orc priest mumbles some strange prayers to Beogh against you.
Beogh smites you!
You die...
Kikubaaqudgha rasps: "You have failed me!
Welcome... death!"

#.# #.# #..# ### #.#
#.# #..## #..
#.####.### #...# #.#
#.##.....# #.#.# #.#
#.##.###.###.#.# #.#
#....# #.....#.####.##
####.###.#####.......#
#.....##########..#
###.##)<.@....o...#
#.##.##########.#
#.##.# #.# #....# #.#
###### #o# #)# #o# #Z#
####.#


You could see an orc priest.

Vanquished Creatures
  An ogre (D:3)
  An orc priest (D:3)
  Jessica (D:2)
  An orc wizard (D:3)
  3 adders
  3 dart slugs
  4 orcs
  An endoplasm (D:2)
  A giant cockroach (D:1)
  5 goblins
  4 hobgoblins
  5 jackals
  2 quokkas
  2 ball pythons (D:2)
  3 bats
  2 frilled lizards
  3 kobolds
  3 rats (D:1)
45 creatures vanquished.

Vanquished Creatures (collateral kills)
  An adder (D:2)
  A goblin (D:1)
  A jackal (D:1)
  A frilled lizard (D:2)
4 creatures vanquished.

Grand Total: 49 creatures vanquished

Notes
Turn   | Place    | Note
-------+----------+-------------------------------------------
     0 | D:1      | PaiMei the Demonspawn Necromancer began the quest for the
                  | Orb.
     0 | D:1      | Reached XP level 1. HP: 13/13 MP: 3/3
   368 | D:1      | Gained mutation: A meltable shield of frost defends you.
                  | (SH +4) [demonic ancestry]
   368 | D:1      | Reached XP level 2. HP: 19/19 MP: 1/5
  1044 | D:2      | Reached XP level 3. HP: 24/24 MP: 1/6
  1048 | D:2      | Found an ancient bone altar of Kikubaaqudgha.
  1113 | D:2      | Became a worshipper of Kikubaaqudgha
  1120 | D:2      | Noticed Jessica
  1124 | D:2      | Killed Jessica
  1125 | D:2      | Gained mutation: Your movements are slightly less
                  | encumbered by armour. (ER -2) [demonic ancestry]
  1125 | D:2      | Reached XP level 4. HP: 30/30 MP: 3/7
  1604 | D:2      | Reached skill level 5 in Necromancy
  2143 | D:3      | Gained mutation: Your movements are less encumbered by
                  | armour. (ER -4) [demonic ancestry]
  2143 | D:3      | Reached XP level 5. HP: 35/35 MP: 5/9
  2217 | D:3      | Learned a level 3 spell: Vampiric Draining
  2325 | D:3      | Noticed an ogre
  2337 | D:3      | Killed an ogre
  2515 | D:3      | Killed from afar by an orc priest

Illustrated notes

Levels and vault maps discovered:
D:1:      psy_arrival_dodecagon, layout_basic
D:2:      layout_rooms, basic_altar, uniq_jessica
D:3:      lemuel_castle_with_subvaults [lemuel_castle_interior_carwin_2],
          layout_loops_ring, lemuel_zombie_altar_yredelemnul,
          hellmonk_ecumenical_altar_run_dry, uniq_natasha, uniq_terence

Skill      XL: |  1  2  3  4  5 |
---------------+----------------+-----
Stealth        | 2 3 |  3.4
Dodging        | 2 3 |  3.2
Necromancy     | 5 |  5.4
Spellcasting   | 3 |  3.3

Action                     |  1- 3 |  4- 6 || total
---------------------------+-------+-------++-------
  Melee: Dagger            |    10 |     9 ||    19
   Cast: Necrotise         |    42 |    63 ||   105
   Stab: Distracted        |     1 |       ||     1
 Armour: Robe              |     6 |    24 ||    30
  Dodge: Dodged            |    17 |    12 ||    29
  Block: Other             |     3 |     3 ||     6
